 Dungeon Crawl Stone Soup version 0.29-b1-12-g9e2288ab2a (webtiles) character file.

Game seed: 3055305263550693250

123050 DemonSlayer the Eclecticist (level 16, 0/109 HPs)
             Began as a Demonspawn Fire Elementalist on Aug 23, 2022.
             Was the Champion of Cheibriados.
             Killed from afar by a naga mage (1 damage)
             ... with a bolt of poison
             ... on level 1 of the Snake Pit.
             The game lasted 01:41:27 (44914 turns).

DemonSlayer the Eclecticist (DsFE)                 Turns: 44914, Time: 01:41:29

Health: 0/109      AC: 25    Str: 27    XL:     16   Next: 36%
Magic:  32/35      EV: 18    Int: 35    God:    Cheibriados [******]
Gold:   1912       SH: 33    Dex: 28    Spells: 3/45 levels left

rFire   . . .      SeeInvis +   z - +6 short sword of the Little People {venom, Contam rPois rCorr SInv}
rCold   . . .      Faith    .   F - +10 tower shield of Ignorance {rN+ Int-4}
rNeg    + . .      Spirit   .   x - +4 troll leather armour
rPois   .          Reflect  .   (helmet restricted)
rElec   .          Harm     .   (no cloak)
rCorr   +          Rampage  .   (no gloves)
Will    +....                   r - +1 pair of boots
Stlth   ++++......              (no amulet)
HPRegen 1.08/turn               e - +4 ring of protection
MPRegen 0.24/turn               u - +4 ring of evasion

@: lethally poisoned (0 -> -10), poison vulnerable, constricted, very slow
A: antennae 2, icy blue scales 2, demonic guardian 2, icemail 2, condensation
shield, deterioration 1, strong 1, wild magic 1
a: Renounce Religion, Bend Time, Temporal Distortion, Slouch, Step From Time


You were on level 1 of the Snake Pit.
You worshipped Cheibriados.
Cheibriados was exalted by your worship.
You visited 5 branches of the dungeon, and saw 24 of its levels.

You collected 2384 gold pieces.
You spent 472 gold pieces at shops.

Inventory:

Hand Weapons
 f - the +8 dagger "Welu" {drain, rElec rPois rC- Str+3}
   (You found it on level 9 of the Dungeon)

   A truly terrible weapon, it drains the life of any living foe it strikes.
   Str:       It affects your strength (+3).
   rC:        It makes you vulnerable to cold.
   rElec:     It insulates you from electricity.
   rPois:     It protects you from poison.
 z - the +6 short sword of the Little People (weapon) {venom, Contam rPois rCorr SInv}
   (You took it off an orc on level 5 of the Dungeon)

   It poisons the flesh of those it strikes.
   rPois:     It protects you from poison.
   SInv:      It lets you see invisible.
   Contam:    It causes magical contamination when unequipped.
   rCorr:     It protects you from acid and corrosion.
 L - the +10 trident "Hellblazer" {venom, Dex+4 Stlth+}
   (You found it on level 15 of the Dungeon)

   It poisons the flesh of those it strikes.
   Dex:       It affects your dexterity (+4).
   Stlth:     It makes you more stealthy.
Missiles
 A - a throwing net
Armour
 r - a +1 pair of boots (worn)
 x - a +4 troll leather armour (worn)
 E - a +1 plate armour of cold resistance
 F - the +10 tower shield of Ignorance (worn) {rN+ Int-4}
   (You found it on level 5 of the Lair of Beasts)

   Int:       It affects your intelligence (-4).
   rN:        It protects you from negative energy.
 J - the +0 ring mail of Wailite {rElec Int-5 Slay+6 SInv}
   (You found it on level 14 of the Dungeon)

   Int:       It affects your intelligence (-5).
   Slay:      It affects your accuracy & damage with ranged weapons and melee
   (+6).
   rElec:     It insulates you from electricity.
   SInv:      It lets you see invisible.
Jewellery
 d - a ring of positive energy
 e - a +4 ring of protection (left hand)
 q - a ring of fire
 u - a +4 ring of evasion (right hand)
Wands
 b - a wand of flame (8)
 j - a wand of iceblast (5)
 t - a wand of mindburst (9)
 v - a wand of paralysis (10)
Scrolls
 a - 4 scrolls of vulnerability
 h - a scroll of enchant armour
 i - a scroll of enchant weapon
 l - 2 scrolls of fear
 o - 2 scrolls of amnesia
 p - a scroll of magic mapping
 B - 3 scrolls of brand weapon
 D - 4 scrolls of identify
 H - a scroll of teleportation
Potions
 c - a potion of attraction
 g - 8 potions of flight
 s - 4 potions of mutation
 w - 2 potions of lignification
 C - 6 potions of brilliance
 I - 2 potions of cancellation {unknown}
 K - 2 potions of resistance {unknown}
Miscellaneous
 y - a box of beasts


   Skills:
 + Level 5.2 Fighting
 + Level 6.2 Short Blades
 + Level 3.3 Polearms
 + Level 3.6 Armour
 + Level 8.6 Dodging
 + Level 6.6 Stealth
 + Level 7.3 Shields
 + Level 15.2 Spellcasting
 + Level 10.4 Conjurations
 + Level 0.1 Hexes
 + Level 0.5 Transmutations
 + Level 11.5 Fire Magic
 + Level 1.4 Ice Magic
 + Level 3.7 Air Magic
 + Level 8.0 Earth Magic
 + Level 3.3 Poison Magic
 + Level 1.0 Evocations


You had 3 spell levels left.
You knew the following spells:

 Your Spells              Type           Power      Damage    Failure   Level
a - Foxfire               Conj/Fire      100%       2x1d9     1%          1
b - Scorch                Fire           100%       2d10      1%          2
c - Conjure Flame         Conj/Fire      94%        6-21      1%          3
d - Stone Arrow           Conj/Erth      100%       3d13      1%          3
e - Flame Wave            Conj/Fire      94%        2d20      3%          4
f - Mephitic Cloud        Conj/Pois/Air  73%        N/A       6%          3
g - Fireball              Conj/Fire      47%        3d19      7%          5
h - Ignite Poison         Fire/Tmut/Pois 69%        N/A       8%          3
i - Freezing Cloud        Conj/Ice/Air   34%        6-21      50%         5
j - Call Canine Familiar  Summ           34%        N/A       47%         3
k - Leda's Liquefaction   Hex/Erth       32%        N/A       34%         4
l - Frozen Ramparts       Ice            94%        1d15      30%         3
m - Dazzling Flash        Conj/Hex       100%       N/A       8%          3

Your spell library contained the following spells:

 Spells                   Type           Power      Damage    Failure   Level
 Sandblast                Erth           100%       2d20      1%          1
 Passwall                 Tmut/Erth      54%        N/A       6%          2
 Inner Flame              Hex/Fire       73%        N/A       6%          3
 Poisonous Vapours        Pois/Air       100%       N/A       8%          2
 Freeze                   Ice            100%       1d11      12%         1
 Necrotise                Necr           100%       1d9       21%         1
 Sublimation of Blood     Necr           34%        N/A       28%         2
 Portal Projectile        Hex/Tloc       70%        N/A       45%         3
 Vampiric Draining        Necr           34%        2d8       47%         3
 Iskenderun's Battlesphe  Conj           92%        2d14      9%          5
 Hailstorm                Conj/Ice       73%        3d15      17%         4
 Petrify                  Tmut/Erth      65%        N/A       30%         4
 Irradiate                Conj/Tmut      35%        3d23      45%         5
 Corpse Rot               Necr/Pois/Air  54%        N/A       54%         4
 Borgnjor's Vile Clutch   Necr/Erth      31%        N/A       65%         5
 Ice Form                 Ice/Tmut       43%        N/A       73%         4
 Summon Ice Beast         Ice/Summ       40%        N/A       77%         4
 Conjure Ball Lightning   Conj/Air       39%        3x3d13    82%         6
 Orb of Destruction       Conj           46%        9d12      89%         7
 Alistair's Intoxication  Tmut/Pois      34%        N/A       90%         5
 Silence                  Hex/Air        25%        N/A       90%         5
 Blade Hands              Tmut           19%        N/A       98%         5
 Agony                    Necr           34%        N/A       99%         5
 Eringya's Noxious Bog    Tmut/Pois      25%        N/A       100%        6
 Dragon Form              Tmut           19%        N/A       100%        7


Dungeon Overview and Level Annotations

Branches:
Dungeon (15/15)            Temple (1/1) D:4            Lair (5/5) D:9
 Shoals (0/4) Lair:3        Snake (1/4) Lair:2        Slime (0/5) Lair:5
    Orc (2/2) D:11            Elf (0/3) Orc:2        Vaults (0/5) D:14
 Depths (0/4) D:15

Altars:
Ashenzari
Cheibriados
Dithmenos
Fedhas
Gozag
Hepliaklqana
Kikubaaqudgha
Makhleb
Nemelex Xobeh
Okawaru
Qazlal
Ru
Sif Muna
Trog
Uskayaw
Vehumet
Wu Jian
Xom
Yredelemnul

Shops:
D:1 [   D:12 :   Orc:2 :*?*

Annotations:
Lair:2 2 transporters


Innate Abilities, Weirdness & Mutations

You have a pair of antennae on your head.
You are mostly covered in icy blue scales. (AC +3)
A demonic guardian rushes to your aid.
A meltable icy envelope protects you from harm. (AC +8)
A meltable shield of frost defends you. (SH +4)
Your body sometimes deteriorates upon taking damage.
Your muscles are strong. (Str +4, Int/Dex -1)
Your spells are a little harder to cast, but a little more powerful.


Message History

The naga mage is severely wounded.
You feel sick.
The naga mage points at you and mumbles some strange words.
The bolt of poison hits you!
You are more poisoned.
* * * LOW HITPOINT WARNING * * *
A demonic guardian appears!
The naga mage constricts you.
You hit the naga mage but do no damage.
The naga mage is severely wounded.
You feel very sick. The naga mage spits poison at you.
You block the splash of poison. The naga mage constricts you.
* * * LOW HITPOINT WARNING * * *
You block the naga mage's attack. The naga mage constricts you.
* * * LOW HITPOINT WARNING * * *
Okay, then.
As you read the scroll of butterflies, it crumbles to dust.
You hear the tinkle of a tiny bell.
You feel sick. You block the naga mage's attack. The naga mage constricts you.
Something hits your butterfly.
Your butterfly dies!
Your butterfly disappears in a burst of colours!
You block the naga mage's attack. The naga mage constricts you.
* * * LOW HITPOINT WARNING * * *
Okay, then.
You completely miss the naga mage.
The naga mage is heavily wounded.
You feel sick. The naga mage spits poison at you.
You block the splash of poison. The naga mage constricts you.
* * * LOW HITPOINT WARNING * * *
A naga sharpshooter comes into view. It is wielding a +0 scimitar.
You puncture the naga mage!
The naga mage is almost dead.
You feel sick. You block the naga mage's attack. The naga mage constricts you.
* * * LOW HITPOINT WARNING * * *
The naga mage casts a spell at you. The bolt of poison hits you.
You are more poisoned.
You die...

#.....###......#.#.#.##
#..#.##.....####.#.#...
####......####...####..#
#.....##..#..#......#.##
.......####.....bb..###
#......#..#.##bbbbb.#.###
#......#...)...b.b..#...#
..>....#....#.b.4..##...#
###.############@N.#....#
........# #.###N#)...#
........# #......†...#
........# #....#####N.#
.......## #.... .....
######## ###. ##..# .. ..
.. # ...


You could see a naga sharpshooter, a naga mage (fast, catching breath, ally
target) and a friendly rust devil (summoned).

Vanquished Creatures
  An ironbound preserver (D:14)
  Nessos (Lair:3)
  Snorg (Orc:1)
  4 hydras
  The ghost of corvin the Basher, a journeyman DgWn (D:12)
  5 boulder beetles
  5 ogre magi
  A naga warrior (Snake:1)
  An anaconda (Snake:1)
  4 centaur warriors
  16 two-headed ogres
  2 death knights
  A merfolk aquamancer (D:15)
  2 tengu warriors
  An orc high priest (Orc:2)
  Urug (D:13)
  4 death yaks (Lair:5)
  A shock serpent (Snake:1)
  Nergalle (Lair:2)
  A fire crab (Lair:5)
  2 naga ritualists (Snake:1)
  4 wizards
  A necromancer (D:15)
  Pikel (D:5)
  A lindwurm (Lair:3)
  3 mana vipers
  3 phantasmal warriors
  3 deep elf pyromancers
  3 orc knights
  30 ugly things
  5 cyclopes
  An orc sorcerer (Orc:2)
  2 oklob plants (Lair:5)
  A manticore (D:13)
  2 naga magi (Snake:1)
  An elephant (shapeshifter) (D:14)
  2 moths of wrath (D:12)
  7 black mambas
  A water nymph (D:15)
  A merfolk siren (Lair:3)
  12 elephants
  A centaur zombie (D:15)
  A centaur skeleton (D:15)
  3 unseen horrors
  5 yaktaurs (D:15)
  20 cane toads
  Psyche (D:9)
  12 komodo dragons
  4 kobold demonologists
  3 freezing wraiths
  9 rime drakes
  10 trolls
  3 meliai (D:15)
  2 tyrant leeches (Lair:5)
  The ghost of Whoops the Cudgeller, an amateur MeFi (D:3)
  4 polar bears
  A hornet (D:9)
  A wind drake (shapeshifter) (D:15)
  14 slime creatures
  34 blink frogs
  3 dream sheep (Lair:4)
  Sigmund (D:4)
  A shadow (D:12)
  5 wraiths
  2 wyverns
  A water elemental (D:15)
  A vampire (D:11)
  24 yaks
  A golden eye (shapeshifter) (D:14)
  11 vampire mosquitoes
  5 basilisks
  10 nagas
  Menkaure (D:4)
  3 steam dragons (D:8)
  Edmund (D:4)
  6 wargs
  The ghost of worthlessgem the Grave Robber, an amateur DENe (D:5)
  3 acid dragons
  16 water moccasins
  An ice beast (D:8)
  22 orc warriors
  A sky beast (D:8)
  6 black bears
  28 ogres
  6 wolves (Lair:2)
  8 centaurs
  A lemure (D:5)
  Blork the orc (D:4)
  4 kobold brigands
  20 bullfrogs
  2 gnoll sergeants (D:7)
  5 scorpions
  8 wights
  4 electric eels
  4 howler monkeys
  2 hounds (D:6)
  3 jellies
  6 iguanas
  10 orc priests
  A gnoll bouda (D:7)
  A boggart zombie (D:15)
  21 orc wizards
  5 hell rats (Lair:3)
  14 gnolls
  8 adders
  2 hound simulacra (D:3)
  3 white imps
  3 ufetubi
  3 worms (D:2)
  A dart slug (D:2)
  An adder simulacrum (D:3)
  69 orcs
  7 endoplasms
  A giant cockroach (D:2)
  3 goblins
  7 hobgoblins
  4 jackals (D:4)
  4 quokkas
  8 ball pythons
  4 bats
  3 frilled lizards
  23 kobolds
  A quokka simulacrum (D:3)
  6 rats
710 creatures vanquished.

Vanquished Creatures (collateral kills)
  An ettin (D:12)
  A hydra (D:15)
  A two-headed ogre (D:12)
  A shock serpent (Snake:1)
  3 ugly things (D:15)
  2 rime drakes (Lair:5)
  3 cane toads (Lair:5)
  A tengu conjurer (D:15)
  A polar bear (Lair:4)
  2 blink frogs
  A dream sheep (Lair:4)
  A yak (D:10)
  A naga (Lair:2)
  A centaur (D:7)
  A wight (D:4)
  An adder (D:2)
  A worm (D:2)
  An orc (Orc:2)
  5 foxfires (Lair:5)
29 creatures vanquished.

Vanquished Creatures (others)
  An orc wizard (D:7)
  481 foxfires
  68 fungi
  161 plants
711 creatures vanquished.

Grand Total: 1450 creatures vanquished

Notes
Turn   | Place    | Note
-------+----------+-------------------------------------------
     0 | D:1      | DemonSlayer the Demonspawn Fire Elementalist began the
                  | quest for the Orb.
     0 | D:1      | Reached XP level 1. HP: 13/13 MP: 3/3
   123 | D:1      | Found Rapareumn's Antique Armour Emporium.
   168 | D:1      | Found a faded altar of an unknown god.
   407 | D:1      | Gained mutation: You have a pair of small antennae on your
                  | head. [demonic ancestry]
   407 | D:1      | Reached XP level 2. HP: 19/19 MP: 3/5
  1632 | D:2      | Gained mutation: A weak demonic guardian rushes to your
                  | aid. [demonic ancestry]
  1632 | D:2      | Reached XP level 3. HP: 24/24 MP: 0/6
  1702 | D:2      | Learned a level 2 spell: Scorch
  1706 | D:2      | Learned a level 3 spell: Conjure Flame
  2591 | D:2      | Identified the +1 robe of the Orb {rPois Str+4 Int+4}
  2834 | D:2      | Reached XP level 4. HP: 31/31 MP: 0/7
  3007 | D:3      | Reached skill level 1 in Polearms
  3239 | D:3      | Reached skill level 3 in Spellcasting
  3239 | D:3      | Gained mutation: A meltable shield of frost defends you.
                  | (SH +4) [demonic ancestry]
  3239 | D:3      | Reached XP level 5. HP: 36/36 MP: 3/9
  3876 | D:3      | Gained mutation: A meltable icy envelope protects you from
                  | harm. (AC +8) [demonic ancestry]
  3876 | D:3      | Reached XP level 6. HP: 23/42 MP: 6/11
  4457 | D:3      | Reached skill level 4 in Spellcasting
  4512 | D:3      | Noticed Whoops's ghost (amateur MeFi)
  4538 | D:3      | Found a runed translucent gate.
  4538 | D:3      | Found a runed translucent gate.
  4538 | D:3      | Found a runed translucent gate.
  4829 | D:3      | Found a hazy altar of Hepliaklqana.
  4829 | D:3      | Found an ornate altar of the Wu Jian Council.
  5028 | D:3      | Found a bloodstained altar of Trog.
  5061 | D:3      | Found an iron altar of Okawaru.
  5067 | D:3      | Found a shimmering altar of Xom.
  5290 | D:3      | Learned a level 3 spell: Stone Arrow
  5295 | D:3      | Learned a level 4 spell: Flame Wave
  5324 | D:4      | Found a hide-covered altar of Uskayaw.
  5350 | D:4      | Noticed Menkaure
  5353 | D:4      | Killed Menkaure
  5354 | D:4      | Noticed Blork the orc
  5358 | D:4      | Gained mutation: A meltable icy envelope protects you from
                  | harm. (AC +8) [demonic ancestry]
  5358 | D:4      | Reached XP level 7. HP: 47/47 MP: 2/14
  5365 | D:4      | Killed Blork the orc
  5511 | D:4      | Reached skill level 5 in Spellcasting
  5565 | D:4      | Reached skill level 5 in Fire Magic
  6179 | D:4      | Noticed Edmund
  6179 | D:4      | Noticed Sigmund
  6181 | D:4      | Killed Sigmund
  6182 | D:4      | Reached skill level 1 in Fighting
  6182 | D:4      | Gained mutation: You have a pair of antennae on your head.
                  | [demonic ancestry]
  6182 | D:4      | Reached XP level 8. HP: 50/54 MP: 11/16
  6188 | D:4      | Killed Edmund
  6189 | D:4      | Reached skill level 6 in Spellcasting
  6861 | D:4      | Found a staircase to the Ecumenical Temple.
  7282 | D:5      | Entered Level 5 of the Dungeon
  7391 | D:5      | Noticed Pikel
  7418 | D:5      | Killed Pikel
  7419 | D:5      | Reached skill level 7 in Spellcasting
  7819 | D:5      | Found a runed translucent gate.
  7820 | D:5      | Found a runed translucent gate.
  7821 | D:5      | Found a runed translucent gate.
  7858 | D:5      | Noticed worthlessgem's ghost (amateur DENe)
  7858 | D:5      | Identified the +6 short sword of the Little People {venom,
                  | Contam rPois rCorr SInv}
  7858 | D:5      | Identified the +1 chain mail "Eloqohei" {+Blink rElec Str+5
                  | Slay-4}
  8170 | Temple   | Entered the Ecumenical Temple
  8284 | Temple   | Became a worshipper of Cheibriados the Contemplative
  8493 | D:6      | Gained mutation: You are partially covered in icy blue
                  | scales. (AC +2) [demonic ancestry]
  8493 | D:6      | Reached XP level 9. HP: 61/61 MP: 11/20
  9437 | D:6      | Reached * piety under Cheibriados
  9829 | D:6      | Learned a level 3 spell: Mephitic Cloud
  9835 | D:6      | Learned a level 5 spell: Fireball
  9861 | D:7      | Reached skill level 8 in Spellcasting
 10107 | D:7      | Reached skill level 1 in Air Magic
 10345 | D:7      | Reached skill level 1 in Shields
 12034 | D:7      | Learned a level 3 spell: Ignite Poison
 12644 | D:8      | Reached ** piety under Cheibriados
 13109 | D:8      | Gained mutation: You are mostly covered in icy blue scales.
                  | (AC +3) [demonic ancestry]
 13109 | D:8      | Reached XP level 10. HP: 68/68 MP: 10/22
 13219 | D:8      | Found a burning altar of Makhleb.
 13219 | D:8      | Noticed a green death
 13222 | D:8      | Noticed a smoke demon
 14127 | D:9      | Identified the +8 dagger "Welu" {drain, rElec rPois rC-
                  | Str+3}
 14159 | D:9      | Reached skill level 9 in Spellcasting
 14290 | D:9      | Noticed Psyche
 14299 | D:9      | Killed Psyche
 14636 | D:9      | Reached *** piety under Cheibriados
 14971 | D:9      | Found a staircase to the Lair.
 15122 | Lair:1   | Entered Level 1 of the Lair of Beasts
 15814 | Lair:1   | Reached skill level 1 in Earth Magic
 15830 | Lair:1   | Reached XP level 11. HP: 31/74 MP: 18/24
 16257 | Lair:1   | Reached skill level 10 in Fire Magic
 16514 | Lair:1   | Learned a level 5 spell: Freezing Cloud
 16529 | Lair:2   | Reached skill level 10 in Spellcasting
 16592 | Lair:2   | Reached **** piety under Cheibriados
 16819 | Lair:2   | Found a transporter.
 16839 | Lair:2   | Found a transporter.
 17083 | Lair:2   | Reached skill level 1 in Poison Magic
 17292 | Lair:2   | Reached skill level 1 in Short Blades
 17914 | Lair:2   | Noticed Nergalle
 17929 | Lair:2   | Killed Nergalle
 18309 | Lair:2   | Identified the +1 scale mail of Serendipity {Will+}
 18347 | Lair:2   | Reached ***** piety under Cheibriados
 18571 | Lair:2   | Found a staircase to the Snake Pit.
 18962 | Lair:3   | Reached skill level 5 in Dodging
 19152 | Lair:3   | Noticed a lindwurm
 19158 | Lair:3   | Killed a lindwurm
 19159 | Lair:3   | Reached skill level 5 in Conjurations
 19159 | Lair:3   | Reached XP level 12. HP: 81/81 MP: 12/26
 19526 | Lair:3   | Reached skill level 11 in Spellcasting
 20281 | Lair:3   | Identified the +0 leather armour of Weolake {Harm rElec}
 20421 | Lair:3   | Found a staircase to the Shoals.
 20511 | Lair:3   | Noticed Nessos
 20518 | Lair:3   | Killed Nessos
 21091 | Lair:3   | Learned a level 3 spell: Call Canine Familiar
 21247 | Lair:4   | Reached skill level 5 in Stealth
 21288 | Lair:4   | Noticed a seven-headed hydra
 21293 | Lair:4   | Killed a seven-headed hydra
 21424 | Lair:4   | Reached ****** piety under Cheibriados
 21629 | Lair:4   | Reached skill level 5 in Earth Magic
 22216 | Lair:4   | Gained mutation: A demonic guardian rushes to your aid.
                  | [demonic ancestry]
 22216 | Lair:4   | Reached XP level 13. HP: 88/88 MP: 24/28
 22272 | Lair:4   | Reached skill level 12 in Spellcasting
 22722 | Lair:4   | Learned a level 4 spell: Leda's Liquefaction
 22895 | D:10     | Entered Level 10 of the Dungeon
 23593 | D:10     | Found a blossoming altar of Fedhas.
 24235 | D:11     | Found a staircase to the Orcish Mines.
 25881 | Orc:1    | Entered Level 1 of the Orcish Mines
 26399 | Orc:1    | Found an iron altar of Okawaru.
 26577 | Orc:2    | Entered Level 2 of the Orcish Mines
 26749 | Orc:2    | Reached skill level 1 in Ice Magic
 27091 | Orc:2    | Found a staircase to the Elven Halls.
 28019 | Orc:2    | Reached skill level 1 in Armour
 28524 | Orc:2    | Reached skill level 13 in Spellcasting
 28524 | Orc:2    | Reached XP level 14. HP: 96/96 MP: 13/31
 28538 | Orc:2    | Paralysed by an ogre mage for 3 turns
 28806 | Orc:2    | Found Buirphok's Book Boutique.
 28806 | Orc:2    | Found Suaf's Magic Scroll Emporium.
 28807 | Orc:2    | Found Naocvant's General Store.
 28807 | Orc:2    | Found Xiep's General Store.
 28815 | Orc:2    | Bought 3 scrolls of fear for 168 gold pieces
 28815 | Orc:2    | Bought a scroll of poison for 56 gold pieces
 28815 | Orc:2    | Bought a scroll of blinking for 105 gold pieces
 28815 | Orc:2    | Bought a scroll of fear for 56 gold pieces
 28816 | Orc:2    | Bought a throwing net for 39 gold pieces
 28817 | Orc:2    | Bought a scroll of teleportation for 48 gold pieces
 29074 | Orc:2    | Learned a level 3 spell: Frozen Ramparts
 29150 | Orc:1    | Noticed Snorg
 29157 | Orc:1    | Killed Snorg
 29763 | D:12     | Found a transporter.
 29766 | D:12     | Noticed corvin's ghost (journeyman DgWn)
 29774 | D:12     | Found a transporter.
 29840 | D:12     | Found Hicemuh's Book Emporium.
 30280 | D:12     | Found a bloodstained altar of Trog.
 30621 | D:12     | Identified the +0 ring mail of Ruptixku {Regen+}
 31341 | Lair:5   | Entered Level 5 of the Lair of Beasts
 32842 | Lair:5   | Reached skill level 14 in Spellcasting
 33427 | Lair:5   | Reached XP level 15. HP: 102/102 MP: 13/33
 33612 | Lair:5   | Found the +10 tower shield of Ignorance {rN+ Int-4}
 33623 | Lair:5   | Identified the ring of Absolutism {*Corrode rElec rC+
                  | Will+}
 34009 | Lair:5   | Found a staircase to the Slime Pits.
 34582 | Lair:5   | Learned a level 3 spell: Dazzling Flash
 35147 | D:3      | Killed Whoops's ghost
 35492 | D:5      | Killed worthlessgem's ghost
 35493 | D:5      | Reached skill level 1 in Evocations
 36440 | D:12     | Reached skill level 5 in Short Blades
 36881 | D:12     | Killed corvin's ghost
 39051 | D:13     | Noticed Urug
 39060 | D:13     | Killed Urug
 40029 | D:14     | Gained mutation: Your spells are a little harder to cast,
                  | but a little more powerful. [potion of mutation]
 40029 | D:14     | Gained mutation: Your muscles are strong. (Str +4, Int/Dex
                  | -1) [potion of mutation]
 40110 | D:14     | Identified the +0 ring mail of Wailite {rElec Int-5 Slay+6
                  | SInv}
 40396 | D:14     | Reached skill level 5 in Shields
 40855 | D:14     | Found a gate to the Vaults.
 40983 | D:15     | Entered Level 15 of the Dungeon
 41391 | D:15     | Found a hazy altar of Hepliaklqana.
 41590 | D:15     | Reached skill level 10 in Conjurations
 41796 | D:15     | Reached skill level 5 in Fighting
 42145 | D:15     | Identified the +10 trident "Hellblazer" {venom, Dex+4
                  | Stlth+}
 42306 | D:15     | Reached XP level 16. HP: 109/109 MP: 27/34
 42336 | D:15     | Reached skill level 15 in Spellcasting
 42595 | D:15     | Found a staircase to the Depths.
 43764 | D:15     | Gained mutation: Your body sometimes deteriorates upon
                  | taking damage. [mutagenic glow]
 43961 | Snake:1  | Entered Level 1 of the Snake Pit
 44913 | Snake:1  | HP: 5/109 [poisoned by a naga mage (bolt of poison)]
 44914 | Snake:1  | HP: 1/109 [constriction (2)]
 44914 | Snake:1  | Killed from afar by a naga mage

Illustrated notes

Levels and vault maps discovered:
D:1:      moated_graveyard_arrival, layout_basic,
          hellmonk_ecumenical_altar_pennies_from_heaven, serial_shops,
          shop_statue, minmay_misc_feat_x, st_stairs_5
D:2:      layout_loops_ring, basic_altar, minivault_25
D:3:      layout_rooms, nicolae_overflow_two_pavilions,
          minmay_overflow_temple_star_quad, gammafunk_ghost_icy,
          due_unseen_surprise
D:4:      layout_loops_ring, mainiacjoe_overflow_catwalk,
          minmay_temple_entry_from_below_a, sigmund_edmund_badplayer,
          uniq_blork_the_orc, uniq_menkaure
D:5:      layout_cave_pools, biasface_ghost_orc_armoury, uniq_pikel,
          uniq_sigmund
D:6:      layout_loops_ring, old_standard_altar
D:7:      layout_layer_cave
D:8:      minmay_razor_zed, layout_loops_cross, makhleb_altar_promises_db,
          wad_dig_loot
D:9:      layout_rooms, grunt_lair_entry_orc_guard_hut, serial_bayou_pond_d,
          minmay_misc_feat_tower, uniq_psyche
D:10:     layout_irregular_city, fedhas_altar_fruit_tree, lemuel_flame_loot_1
D:11:     layout_gridville, david_orc_2
D:12:     layout_loops_ring, gammafunk_ghost_wrathful_warriors, serial_shops,
          kennysheep_little_box, dreamdust_princess_bridge,
          minmay_misc_feat_pillars, kennysheep_generic_room_5
D:13:     layout_stronghold, uniq_urug
D:14:     layout_rooms, skrybe_vaults_entry_preservation,
          hangedman_decor_lopped, nicolae_elevator_lobby_plus
D:15:     grunt_enter_depths_magical_seal, layout_loops_cross,
          nicolae_hepliaklqana_hazy_memory, nicolae_splish_splash
Temple:   nicolae_temple_ecumenical_triangle
Lair:1:   layout_cave_pods
Lair:2:   gammafunk_worm_tunnel, layout_loops_ring,
          minmay_snake_entry_guardpost_medium, portal_ice_cave_entry_pillars_2,
          minivault_27, st_stairs_11, infiniplex_staircase_pool, uniq_nergalle
Lair:3:   beast_lair_carwin_large_2, layout_regular_city,
          minmay_shoals_entry_lonely_mermaid, fungi_pond_lemuel,
          lemuel_fruit_tree, uniq_nessos
Lair:4:   layout_roguey
Lair:5:   minmay_lair_end_frog_pond, layout_misc_corridors,
          minmay_slime_entry_oklob_enclosed, minmay_lair_drake_nest
Snake:1:  layout_honeycomb
Orc:1:    layout_caves, okawaru_metal_pillars_1_2, uniq_snorg
Orc:2:    st_orc_ogre_mass, layout_diamond_mine

Skill      XL: |  1  2  3  4  5  6  7  8  9 10 11 12 13 14 15 16 |
---------------+-------------------------------------------------+-----
Fire Magic     | 3 4 5 6 8 9 10 11 | 11.5
Dodging        | 2 3 5 6 7 8 |  8.6
Polearms       | 1 2 3 |  3.3
Stealth        | 2 3 4 5 6 |  6.6
Conjurations   | 2 3 5 6 7 9 10 | 10.4
Spellcasting   | 3 4 5 7 8 9 10 11 13 14 15 | 15.2
Fighting       | 1 2 3 4 5 |  5.2
Air Magic      | 1 2 3 |  3.7
Shields        | 1 2 3 6 7 |  7.3
Earth Magic    | 1 3 5 6 7 8 |  8.0
Poison Magic   | 1 2 3 |  3.3
Short Blades   | 2 3 4 6 |  6.2
Ice Magic      | 1 |  1.4
Armour         | 1 2 3 |  3.6
Evocations     | 1 |  1.0
Hexes          | |  0.1
Transmutations | |  0.5

Action                   |  1- 3 |  4- 6 |  7- 9 | 10-12 | 13-15 | 16-18 || total
-------------------------+-------+-------+-------+-------+-------+-------++-------
Melee: Trident           |    58 |     2 |       |       |       |    28 ||    88
       Punch             |     1 |       |       |     6 |     5 |       ||    12
       Spear             |       |     2 |    94 |     1 |       |       ||    97
       Dagger            |       |       |       |   185 |   213 |       ||   398
       Short sword       |       |       |       |       |   228 |    93 ||   321
Throw: Throwing net      |       |       |       |     2 |       |       ||     2
 Cast: Foxfire           |    96 |       |     5 |    12 |   100 |    68 ||   281
       Scorch            |     5 |    41 |   158 |    67 |    60 |       ||   331
       Stone Arrow       |       |       |     8 |   191 |   538 |    99 ||   836
       Mephitic Cloud    |       |       |     5 |    23 |    47 |     1 ||    76
       Fireball          |       |       |       |    13 |    30 |       ||    43
       Ignite Poison     |       |       |       |     5 |     5 |       ||    10
       Flame Wave        |       |       |       |     3 |    12 |       ||    15
       Conjure Flame     |       |       |       |     1 |     6 |       ||     7
       Freezing Cloud    |       |       |       |     3 |     6 |       ||     9
       Call Canine Famil |       |       |       |     1 |       |       ||     1
       Leda's Liquefacti |       |       |       |       |     1 |       ||     1
Evoke: Box of beasts     |       |       |       |     1 |       |       ||     1
       Wand              |       |       |       |       |    12 |       ||    12
  Use: Potion            |       |       |     5 |    12 |     9 |     5 ||    31
       Scroll            |       |       |    12 |    14 |    20 |     1 ||    47
 Stab: Sleeping          |     5 |       |       |     5 |     3 |     3 ||    16
       Confused          |       |       |     1 |       |    18 |       ||    19
       Distracted        |       |       |       |     4 |     2 |       ||     6
       Invisible         |       |       |       |       |       |     3 ||     3
Armor: Robe              |     5 |     1 |   108 |   164 |    36 |       ||   314
       Troll leather arm |       |       |       |       |   133 |    29 ||   162
Dodge: Dodged            |    34 |     7 |   114 |   284 |   592 |    64 ||  1095
Block: Other             |       |     5 |    19 |    67 |    70 |       ||   161
       Tower shield      |       |       |       |       |   566 |   296 ||   862
